 Dungeon Crawl Stone Soup version 0.21-a0-243-g597973d (webtiles) character file.

926 suvakkihuora the Cleaver (level 8, -2/46 HPs)
             Began as a Tengu Berserker on Sept 4, 2017.
             Was a Priest of Trog.
             Slain by Prince Ribbit (17 damage)
             ... on level 6 of the Dungeon.
             The game lasted 00:08:23 (3642 turns).

suvakkihuora the Cleaver (Tengu Berserker)          Turns: 3642, Time: 00:08:25

Health: -2/46      AC:  7    Str: 19    XL:     8   Next: 10%
Magic:  9/9        EV: 13    Int:  9    God:    Trog [***...]
Gold:   380        SH:  0    Dex: 13    Spells: 7/7 levels left

rFire    + . .     SeeInvis .   D - +0 broad axe
rCold    . . .     Gourm    .   (no shield)
rNeg     . . .     Faith    .   u - +0 scale mail
rPois    .         Spirit   .   (helmet restricted)
rElec    .         Reflect  .   (no cloak)
rCorr    .         Harm     .   (no gloves)
MR       .....                  (boots unavailable)
Stlth    ..........             (no amulet)
HPRegen  0.15/turn              f - ring of protection from fire
MPRegen  0.11/turn              g - +3 ring of evasion

@: no status effects
A: beak, talons 3, able to fly 1
a: Fly, Berserk, Trog's Hand, Burn Spellbooks, Renounce Religion


You were on level 6 of the Dungeon.
You worshipped Trog.
Trog was most pleased with you.
You were not hungry.

You visited 1 branch of the dungeon, and saw 6 of its levels.

You collected 380 gold pieces.

Inventory:

Hand Weapons
 B - a +0 war axe
 D - a +0 broad axe (weapon)
Armour
 u - a +0 scale mail (worn)
Jewellery
 a - an uncursed ring of stealth {unknown}
 f - a ring of protection from fire (left hand)
 g - a +3 ring of evasion (right hand)
 y - an uncursed ring of protection from cold
Wands
 l - a wand of acid (1/15)
Scrolls
 e - 3 scrolls of amnesia {unknown}
 i - a scroll of recharging {unknown}
 m - 2 scrolls of teleportation {unknown}
 p - 2 scrolls of noise {unknown}
 s - a scroll of blinking {unknown}
 t - 3 scrolls of remove curse {unknown}
 v - 4 scrolls of enchant armour {unknown}
 w - 2 scrolls of fog {unknown}
 x - a scroll of magic mapping {unknown}
 F - a scroll of silence
Potions
 d - 2 potions of might {unknown}
 j - a potion of haste {unknown}
 k - a potion of lignification
 n - a potion of heal wounds
 o - a potion of degeneration {unknown}
 r - a potion of curing
 A - a potion of cancellation
 E - a potion of invisibility
Miscellaneous
 C - a phantom mirror
Comestibles
 b - 2 meat rations
 c - 3 bread rations
 q - 7 fruits
 z - 2 chunks of flesh


   Skills:
 * Level 3.0 Fighting
 * Level 8.2 Axes
 * Level 6.7 Armour
 - Level 2.1 Dodging


You had 7 spell levels left.
You didn't know any spells.

Dungeon Overview and Level Annotations

Branches:
Dungeon (6/15)             Temple (0/1) D:5

Altars:
Ashenzari
Kikubaaqudgha
Makhleb
Okawaru
Wu Jian
Zin

Shops:
D:4 [

Annotations:
D:4 1 runed door
D:6 Prince Ribbit


Innate Abilities, Weirdness & Mutations

You have a beak for a mouth.
You have claws for feet.
You can fly.


Message History

Prince Ribbit is severely wounded.
Prince Ribbit hits you!
You barely miss Prince Ribbit. Your kick misses Prince Ribbit.
Prince Ribbit is severely wounded.
Prince Ribbit hits you.
Prince Ribbit blinks!
No target in view!
You closely miss Prince Ribbit.
You claw Prince Ribbit, but do no damage.
Prince Ribbit is severely wounded.
Prince Ribbit hits you but does no damage.
You miss Prince Ribbit. Your kick misses Prince Ribbit.
Your peck misses Prince Ribbit.
Prince Ribbit is severely wounded.
Prince Ribbit barely misses you.
Prince Ribbit lets out a mournful croak.
Prince Ribbit hits you but does no damage.
You miss Prince Ribbit. Your kick misses Prince Ribbit. You peck Prince Ribbit!
Prince Ribbit is severely wounded.
Prince Ribbit hits you! x2
You die...

..#.......#....#...#....#####
..#.......#_.....#....._#
..........###.........###
..........#####.....####
..........##..###_###..#
##............###...>#
#.................#
............##.....#
..............@..?.#
##............F....#
#.................#
#.................#
#..)..............#
###...............#.
............#.#
............#.## ...######..


You could see Prince Ribbit.

Vanquished Creatures
  A sky beast (D:5)
  3 ogres
  A wyvern skeleton (D:6)
  3 jellies
  A bullfrog zombie (D:5)
  An orc wizard (D:4)
  2 hounds
  A centaur skeleton (D:4)
  Natasha (thrice) (D:4)
  2 worker ants
  A hound skeleton (D:4)
  5 adders
  An ooze (D:2)
  2 worms (D:3)
  4 dart slugs
  4 leopard geckos
  9 orcs
  8 giant cockroaches
  7 goblins
  8 hobgoblins
  8 jackals
  5 kobolds
  2 quokkas
  A ball python (D:6)
  8 bats
  2 frilled lizards
  7 rats
100 creatures vanquished.

Notes
Turn   | Place    | Note
-------+----------+-------------------------------------------
     0 | D:1      | suvakkihuora the Tengu Berserker began the quest for the Orb.
     0 | D:1      | Reached XP level 1. HP: 14/14 MP: 2/2
   154 | D:1      | Reached XP level 2. HP: 17/19 MP: 3/3
   181 | D:1      | Reached skill level 4 in Axes
   514 | D:1      | Reached XP level 3. HP: 17/23 MP: 4/4
   579 | D:2      | Reached ** piety under Trog
   674 | D:2      | Reached skill level 5 in Axes
   767 | D:2      | Reached XP level 4. HP: 24/28 MP: 5/5
  1423 | D:3      | Reached *** piety under Trog
  1434 | D:3      | Reached skill level 6 in Axes
  1569 | D:3      | Gained mutation: You can fly. [Tengu growth]
  1569 | D:3      | Reached XP level 5. HP: 32/32 MP: 6/6
  1810 | D:4      | Noticed an ogre
  1815 | D:4      | Killed an ogre
  1816 | D:4      | Reached XP level 6. HP: 37/37 MP: 7/7
  1915 | D:4      | Found Tunoemod's Antique Armour Shop.
  2057 | D:4      | Noticed Natasha
  2069 | D:4      | Killed Natasha
  2110 | D:4      | Noticed Natasha
  2119 | D:4      | Killed Natasha
  2124 | D:4      | Noticed Natasha
  2131 | D:4      | Killed Natasha
  2139 | D:4      | Reached skill level 5 in Armour
  2147 | D:4      | Reached XP level 7. HP: 27/41 MP: 8/8
  2165 | D:4      | Found a glowing silver altar of Zin.
  2166 | D:4      | Found a runed door.
  2166 | D:4      | Noticed an angel
  2269 | D:5      | Entered Level 5 of the Dungeon
  2546 | D:5      | Reached skill level 7 in Axes
  2965 | D:5      | Found a staircase to the Ecumenical Temple.
  3274 | D:6      | Noticed Prince Ribbit
  3397 | D:6      | Reached skill level 8 in Axes
  3397 | D:6      | Reached XP level 8. HP: 46/46 MP: 9/9
  3557 | D:6      | Found a shattered altar of Ashenzari.
  3557 | D:6      | Found an ancient bone altar of Kikubaaqudgha.
  3557 | D:6      | Found a burning altar of Makhleb.
  3557 | D:6      | Found an ornate altar of the Wu Jian Council.
  3566 | D:6      | Found an iron altar of Okawaru.
  3570 | D:6      | Found a glowing silver altar of Zin.
  3642 | D:6      | Slain by Prince Ribbit

Vault maps used:
D:1:      minmay_arrival_cross
D:3:      first_bread
D:4:      serial_shops, nicolae_shop_crystal, lemuel_angel_altar, uniq_natasha
D:5:      temple_hall, minmay_checkerbox
D:6:      minmay_overflow_temple_hex, slow_altar_2, uniq_blork_the_orc,
          uniq_crazy_yiuf_cottage, uniq_prince_ribbit1

Skill      XL: |  1  2  3  4  5  6  7 |
---------------+----------------------+-----
Axes           | 4 5 6 8 |  8.2
Armour         | 3 5 6 |  6.7
Fighting       | |  3.0
Dodging        | |  2.1

Action                   |  1- 3 |  4- 6 |  7- 9 || total
-------------------------+-------+-------+-------++-------
Melee: Hand axe          |    51 |   146 |     4 ||   201
       Kick              |    12 |    32 |    11 ||    55
       Peck              |     8 |    27 |    11 ||    46
       War axe           |       |       |    17 ||    17
       Broad axe         |       |       |    27 ||    27
Invok: Berserk           |     1 |     2 |     3 ||     6
       Trog's Hand       |       |     1 |       ||     1
Evoke: Wand              |       |       |     4 ||     4
  Use: Potion            |       |       |     2 ||     2
       Scroll            |       |       |     5 ||     5
  Eat: Chunk             |       |     7 |     5 ||    12
       Royal jelly       |       |       |     1 ||     1
       Fruit             |       |       |     1 ||     1
Armor: Animal skin       |    14 |       |       ||    14
       Ring mail         |     3 |     6 |       ||     9
       Scale mail        |       |    27 |    16 ||    43
       Skin              |       |       |     4 ||     4
Dodge: Dodged            |    31 |   101 |    33 ||   165

Table legend:
 A = Spawn XP
 B = Non-spawn XP
 C = Spawn XP percentage of total XP
 D = Spawn monster count
 E = Non-spawn monster count
 F = Spawn count percentage of total count
 G = Total turns spent on level
                    A         B        C        D         E        F      G
               +---------+---------+-------+---------+---------+-------+---------
         Total |      31 |    1292 |   2.3 |       8 |      92 |   8.0 |  3642
               +---------+---------+-------+---------+---------+-------+---------
           D:1 |       0 |      34 |   0.0 |       0 |      17 |   0.0 |   574
           D:2 |       1 |      65 |   1.5 |       1 |      21 |   4.5 |   605
           D:3 |       2 |      72 |   2.7 |       1 |      20 |   4.8 |   628
           D:4 |      23 |     421 |   5.2 |       4 |      20 |  16.7 |   462
           D:5 |       2 |     379 |   0.5 |       1 |       8 |  11.1 |   979
           D:6 |       3 |     321 |   0.9 |       1 |       6 |  14.3 |   394
               +---------+---------+-------+---------+---------+-------+---------
